 Dungeon Crawl Stone Soup version 0.26.1-11-gd32895ea62 (webtiles) character file.

Game seed: 15162460218661487172

30 Findor the Shield-Bearer (level 3, 0/19 HPs)
             Began as a Vine Stalker Fighter on May 6, 2021.
             Succumbed to an adder's poison
             ... on level 2 of the Dungeon.
             The game lasted 00:00:58 (1243 turns).

Findor the Shield-Bearer (Vine Stalker Fighter)     Turns: 1243, Time: 00:00:59

Health: 0/19       AC:  6    Str: 19    XL:     3   Next: 20%
Magic:  1/4        EV:  7    Int:  8    God:
Gold:   24         SH:  9    Dex: 13    Spells: 2/2 levels left

rFire    . . .     SeeInvis .   a - +0 rapier
rCold    . . .     Faith    .   c - +0 kite shield
rNeg     . . .     Spirit   +   b - +0 scale mail
rPois    .         Reflect  .   (no helmet)
rElec    .         Harm     .   (no cloak)
rCorr    .         Rampage  .   (no gloves)
Will     .....                  (no boots)
Stlth    ..........             (no amulet)
HPRegen  0.06/turn              (no ring)
MPRegen  0.09/turn              (no ring)

@: mighty, lethally poisoned (0 -> -11)
A: fangs 2, magic shield, antimagic bite, no potion heal 3
a: no special abilities


You were on level 2 of the Dungeon.
You visited 1 branch of the dungeon, and saw 2 of its levels.

You collected 24 gold pieces.


Innate Abilities, Weirdness & Mutations

You have extremely sharp teeth.
When hurt, damage is shared between your health and your magic reserves.
Your bite disrupts and absorbs the magic of your enemies.
Potions cannot restore your health.


   Skills:
 - Level 2.6 Fighting
 * Level 2.4 Short Blades
 + Level 2.6 Armour
 + Level 0.7 Dodging
 + Level 2.9 Shields


You had 2 spell levels left.
You didn't know any spells.
Your spell library was empty.

Inventory:

Hand Weapons
 a - a +0 rapier (weapon)
Armour
 b - a +0 scale mail (worn)
 c - a +0 kite shield (worn)
Scrolls
 e - a scroll of magic mapping {unknown}
 f - 3 scrolls of teleportation {unknown}
 g - a scroll of remove curse {unknown}
 h - a scroll of enchant weapon {unknown}


Message History

No target in view!
No target in view!
No target in view!
No target in view!
No target in view!
No target in view!
No target in view!
No target in view!
No target in view!
No target in view!
No target in view!
A bat comes into view.
The bat moves out of view.
An adder comes into view.
An adder is nearby!
An adder is nearby!
An adder is nearby!
The adder hisses angrily.
You see here a +0 dagger.
The adder bites you. You block the adder's attack.
You hit the adder. You bite the adder, but do no damage.
The adder completely misses you.
You hit the adder. The adder closely misses you. You block the adder's attack.
You miss the adder. The adder bites you.
You are poisoned.
The adder poisons you!
Your shield and scale mail prevent you from hitting the adder.
You feel sick. The adder bites you but does no damage. The adder bites you.
* * * LOW HITPOINT WARNING * * *
You are more poisoned.
The adder poisons you!
Okay, then.
You feel very mighty all of a sudden.
* * * LOW HITPOINT WARNING * * *
You feel sick. The adder bites you.
* * * LOW HITPOINT WARNING * * *
You are more poisoned.
The adder poisons you!
You puncture the adder!
You kill the adder!
* * * LOW HITPOINT WARNING * * *
You feel sick.
You have reached level 3!
Your experience leads to an increase in your attributes!
Increase (S)trength, (I)ntelligence, or (D)exterity?
You feel stronger.
You aren't carrying any potions.
Sorry, you're not good enough to have a special ability.
Unknown command.
You die...

... ..# #..
#. .. # #.#
#.# .# #(.
..##..#
#..###.......
#.........#
#..##@.##....
##.†).## #
#..#.......
#.<#.##....
#......# ...
#.....### .
#...#...
....####.
...# ..


There were no monsters in sight!

Vanquished Creatures
  An adder (D:2)
  A leopard gecko (D:1)
  3 bats (D:1)
  A goblin (D:2)
  A hobgoblin (D:1)
  6 jackals
  2 kobolds (D:1)
  A ball python (D:1)
  2 frilled lizards (D:1)
18 creatures vanquished.

Notes
Turn   | Place    | Note
-------+----------+-------------------------------------------
     0 | D:1      | Findor the Vine Stalker Fighter began the quest for the
                  | Orb.
     0 | D:1      | Reached XP level 1. HP: 11/11 MP: 2/2
   459 | D:1      | Reached XP level 2. HP: 12/16 MP: 3/3
   704 | D:1      | Found a shimmering altar of Xom.
  1241 | D:2      | HP: 2/16 [adder (3)]
  1243 | D:2      | Reached XP level 3. HP: 1/19 MP: 1/4
  1243 | D:2      | Succumbed to an adder's poison

Levels and vault maps discovered:
D:1:      dpeg_arrival_circle_labyrinth_a, layout_basic, xom_teletrap_fun
D:2:      layout_rooms, minmay_misc_feat_roman

Action                   || total
-------------------------++-------
Melee: Rapier            ||    69
       Bite              ||    14
  Use: Potion            ||     1
Armor: Scale mail        ||    32
Dodge: Dodged            ||    29
Block: Kite shield       ||    31
